 Dungeon Crawl Stone Soup version 0.22-a0-162-g33bf127 (webtiles) character file.

10457 Amnesiac the Transmogrifier (level 11, -1/77 HPs)
             Began as a Mummy Earth Elementalist on Feb 12, 2018.
             Was a Follower of Ashenzari.
             Slain by a bullfrog skeleton (4 damage)
             ... on level 10 of the Dungeon.
             The game lasted 00:29:35 (13791 turns).

Amnesiac the Transmogrifier (MuEE)                 Turns: 13791, Time: 00:29:37

Health: -1/77      AC:  1    Str: 13    XL:     11   Next: 36%
Magic:  1/23       EV: 13    Int: 17    God:    Ashenzari [*.....]
Gold:   596        SH:  5    Dex: 12    Spells: 11/27 levels left

rFire    x . .     SeeInvis .   y - +0 dagger (drain)
rCold    + . .     Gourm    .   p - +0 buckler
rNeg     + + +     Faith    .   l - +0 leather armour (curse)
rPois    ∞         Spirit   .   f - +0 helmet
rElec    .         Reflect  .   d - +0 cloak {rPois}
rCorr    .         Harm     .   a - +0 pair of gloves
MR       +....                  r - +2 pair of boots
Stlth    ++........             (no amulet)
HPRegen  0.22/turn              (no ring)
MPRegen  0.18/turn              (no ring)

@: corroded
A: no food or potions, fire vulnerability, cold resistance 1, negative energy
resistance 3, torment resistance, unbreathing
a: Curse Item, Scrying, Renounce Religion


You were on level 10 of the Dungeon.
You worshipped Ashenzari.
Ashenzari was aware of your devotion.
You were not hungry.

You visited 2 branches of the dungeon, and saw 11 of its levels.
You also visited: Sewer and Ossuary.

You collected 596 gold pieces.

Inventory:

Hand Weapons
 t - the +8 war axe of Demonkind {venom, +Blink rF+ rN+}
   (You found it on level 5 of the Dungeon)

   It poisons the flesh of those it strikes.
   It protects you from fire.
   It protects you from negative energy.
   It lets you blink.
 y - a +0 dagger of draining (weapon)
 C - a +0 falchion of flaming
Missiles
 b - 216 stones (quivered)
 h - 43 poisoned needles
 A - 3 throwing nets
Armour
 a - a +0 pair of gloves (worn)
 d - a +0 cloak of poison resistance (worn)
 e - a +2 leather armour of magic resistance
 f - a +0 helmet (worn)
 k - +0 steam dragon scales
 l - a cursed +0 leather armour (worn)
 p - a +0 buckler (worn)
 r - a +2 pair of boots (worn)
 B - the +2 plate armour of Difaon {Str+6 SInv}
   (You found it on level 9 of the Dungeon)

   It affects your strength (+6).
   It lets you see invisible.
Wands
 v - a wand of iceblast (14)
 x - a wand of disintegration (17)
Scrolls
 c - 5 scrolls of teleportation {!r, unknown}
 g - 8 scrolls of remove curse {!r}
 i - a scroll of enchant weapon {!r, unknown}
 j - 9 scrolls of identify {!r}
 n - a scroll of immolation {!r, unknown}
 o - 4 scrolls of fog {!r, unknown}
 q - 4 scrolls of magic mapping {!r, unknown}
 s - 4 scrolls of amnesia {!r, unknown}
 u - 3 scrolls of enchant armour {!r}
 z - 2 scrolls of random uselessness {!r, unknown}
 E - a scroll of holy word {!r, unknown}
Books
 D - a book of Changes

   Spells                             Type                      Level
   a - Beastly Appendage              Transmutation                1
   b - Sticks to Snakes               Transmutation                2
   c - Spider Form                    Transmutation/Poison         3
   d - Ice Form                       Ice/Transmutation            4
   e - Blade Hands                    Transmutation                5


   Skills:
 - Level 4.1 Fighting
 - Level 3.0 Short Blades
 + Level 4.0 Dodging
 - Level 3.0 Stealth
 - Level 4.0 Shields
 - Level 8.5 Spellcasting
 - Level 8.5 Transmutations
 - Level 8.5 Earth Magic


You had 11 spell levels left.
You knew the following spells:

 Your Spells              Type           Power        Failure   Level  Hunger
a - Sandblast             Erth           #####.       1%          1    N/A
b - Passwall              Tmut/Erth      #####.....   1%          2    N/A
c - Summon Butterflies    Summ           #.......     13%         1    N/A
d - Lee's Rapid Deconstr  Erth           #####.....   11%         5    N/A
e - Petrify               Tmut/Erth      #####...     3%          4    N/A
f - Stone Arrow           Conj/Erth      ###...       7%          3    N/A

Dungeon Overview and Level Annotations

Branches:
Dungeon (10/15)            Temple (1/1) D:4            Lair (0/6) D:8
    Orc (0/2) D:10

Altars:
Ashenzari
Elyvilon
Fedhas
Hepliaklqana
Kikubaaqudgha
Nemelex Xobeh
Okawaru
Qazlal
Trog
Uskayaw
Vehumet
Wu Jian
Yredelemnul
The Shining One

Annotations:
D:9 Gorice's ghost, journeyman HaFi


Innate Abilities, Weirdness & Mutations

You do not eat or drink.
Your flesh is vulnerable to fire.
You are immune to poison.
Your flesh is cold resistant. (rC+)
You are immune to negative energy. (rN+++)
You are immune to unholy pain and torment.
You can survive without breathing.


Message History

The hornet is almost dead.
You block the hornet's attack. The hornet misses you.
The jelly closely misses you.
Unknown command.
You completely miss the hornet.
The hornet is almost dead.
The hornet barely misses you.
Unknown command.
You closely miss the hornet.
The hornet is almost dead.
The jelly barely misses you. The hornet stings you.
* * * LOW HITPOINT WARNING * * *
Unknown command.
You hit the hornet but do no damage. You drain the hornet!
You kill the hornet!
Your Dodging skill increases to level 4!
The jelly hits you.
* * * LOW HITPOINT WARNING * * *
You are splashed with acid!
The acid burns!
* * * LOW HITPOINT WARNING * * *
Unknown command.
Casting: Sandblast (safe; 1% risk of failure)
Confirm with . or Enter, or press ? or * to list all spells.
Aiming: Sandblast (safe; 1% risk of failure)
Press: ? - help, Shift-Dir - straight line, f/p - jelly
Aim: a jelly (heavily wounded)
The blast of sand hits the jelly.
The jelly is almost dead.
b - 217 stones The jelly barely misses you.
Unknown command.
You hit the jelly but do no damage. The acid corrodes you!
Your hands burn!
* * * LOW HITPOINT WARNING * * *
The jelly is almost dead.
The jelly hits you.
* * * LOW HITPOINT WARNING * * *
You are splashed with acid!
The acid burns!
* * * LOW HITPOINT WARNING * * *
Unknown command.
Casting: Sandblast (safe; 1% risk of failure)
Confirm with . or Enter, or press ? or * to list all spells.
Aiming: Sandblast (safe; 1% risk of failure)
Press: ? - help, Shift-Dir - straight line, f/p - jelly
Aim: a jelly (almost dead)
The blast of sand hits the jelly.
You kill the jelly!
b - 216 stones The bullfrog skeleton hits you.
* * * LOW HITPOINT WARNING * * *
Unknown command.
You can't drink.
Okay, then.
Unknown command.
Unknown command.
The bullfrog skeleton hits you.
* * * LOW HITPOINT WARNING * * *
Okay, then.
Unknown command.
Unknown command.
Unknown command.
The bullfrog skeleton barely misses you.
You see here a hound corpse.
The bullfrog skeleton hits you.
You die...

########### #.........#
#.........# #########
#.........# ........#
#.......>.# ........#
##.........### ........#
##...@Z.......#
........#
##...###†###...
<.......###...##.._..#
........##...###.#.).###
............##
#.[...#)## # #
........##..#
##..###..#.#..
...).<..##..#
{#...#...#..
........##..'.
{#_..#...'.
###.######..#..
##(##..y#


You could see a bullfrog skeleton.

Vanquished Creatures
  A hydra (D:8)
  A centaur warrior (D:10)
  3 two-headed ogres
  Maurice (D:9)
  A troll (D:10)
  A hornet (D:10)
  A hippogriff (D:7)
  2 dream sheep (D:8)
  2 yaks
  2 steam dragons
  A water moccasin (D:10)
  2 insubstantial wisps (D:9)
  5 orc warriors
  5 ice beasts
  3 ogres
  3 necrophages
  5 sky beasts
  An eye of draining (D:7)
  3 centaurs
  2 crocodiles
  5 big kobolds
  3 elf zombies (Ossuary)
  A bullfrog (D:9)
  The ghost of halftheisland the Sneak, an amateur SpEn (D:3)
  A water moccasin zombie (D:7)
  A wyvern skeleton (D:9)
  3 scorpions
  A water moccasin skeleton (D:5)
  4 howler monkeys
  2 crimson imps
  A centaur zombie (D:7)
  A quasit (D:8)
  A bullfrog zombie (D:5)
  6 hounds
  4 jellies
  4 orc priests
  A gnoll shaman (D:7)
  2 iguanas (D:7)
  A bullfrog skeleton (D:8)
  2 centaur skeletons
  5 orc wizards
  11 worker ants
  2 hound zombies (Ossuary)
  4 mummies (Ossuary)
  A howler monkey zombie (D:7)
  6 gnolls
  2 river rats (Sewer)
  9 adders
  3 shadow imps
  An ooze (D:3)
  2 adder zombies (D:5)
  2 adder skeletons
  3 worms
  A dart slug (D:2)
  4 leopard geckos
  42 orcs
  13 bats
  7 giant cockroaches
  2 gnoll zombies (Ossuary)
  6 goblins
  10 hobgoblins
  4 jackals
  4 quokkas
  2 ball pythons
  6 frilled lizards
  A goblin zombie (Ossuary)
  2 hobgoblin zombies (Ossuary)
  15 kobolds
  A kobold zombie (Ossuary)
  A leopard gecko skeleton (D:4)
  A leopard gecko zombie (D:5)
  2 quokka skeletons
  10 rats
  A rat zombie (Ossuary)
276 creatures vanquished.

Vanquished Creatures (others)
  A sky beast (D:10)
1 creature vanquished.

Grand Total: 277 creatures vanquished

Notes
Turn   | Place    | Note
-------+----------+-------------------------------------------
     0 | D:1      | Amnesiac the Mummy Earth Elementalist began the quest for the Orb.
     0 | D:1      | Reached XP level 1. HP: 13/13 MP: 4/4
   765 | D:1      | Reached XP level 2. HP: 12/19 MP: 2/5
   817 | D:1      | Learned a level 2 spell: Passwall
   913 | D:1      | You fall through a shaft!
   919 | D:2      | Reached skill level 1 in Transmutations
  1445 | D:2      | Reached XP level 3. HP: 10/24 MP: 5/7
  1538 | D:2      | Found a sparkling altar of Nemelex Xobeh.
  2330 | D:3      | Reached XP level 4. HP: 22/30 MP: 5/8
  2336 | D:3      | Learned a level 4 spell: Petrify
  2412 | D:3      | Noticed halftheisland's ghost (amateur SpEn)
  2434 | D:3      | Killed halftheisland's ghost
  2615 | D:3      | Reached XP level 5. HP: 35/35 MP: 9/9
  3262 | D:3      | Reached XP level 6. HP: 41/41 MP: 11/11
  3491 | D:4      | Found a staircase to the Ecumenical Temple.
  3530 | Temple   | Entered the Ecumenical Temple
  3624 | Temple   | Became a worshipper of Ashenzari the Shackled
  3941 | D:4      | Learned a level 5 spell: Lee's Rapid Deconstruction
  4414 | D:5      | Entered Level 5 of the Dungeon
  4543 | D:5      | Got the war axe of Demonkind {venom, +Blink rF+ rN+}
  4581 | D:5      | Reached XP level 7. HP: 46/46 MP: 13/13
  4589 | D:5      | Found a white marble altar of Elyvilon.
  5206 | D:5      | Reached skill level 5 in Transmutations
  5232 | D:5      | Reached skill level 5 in Spellcasting
  5232 | D:5      | Reached skill level 5 in Earth Magic
  5281 | D:5      | Found an ornate altar of the Wu Jian Council.
  5489 | D:6      | Reached XP level 8. HP: 52/52 MP: 7/15
  5491 | D:6      | Identified the +8 war axe of Demonkind {venom, +Blink rF+ rN+} (You found it on level 5 of the Dungeon)
  5507 | D:6      | Reached * piety under Ashenzari
  5827 | D:6      | Found a glowing drain.
  5829 | Sewer    | Entered a sewer
  5920 | Sewer    | Found a white marble altar of Elyvilon.
  6401 | D:7      | Reached ** piety under Ashenzari
  6483 | D:7      | Found a sand-covered staircase.
  6681 | Ossuary  | Entered an ossuary
  7267 | D:7      | Reached XP level 9. HP: 48/57 MP: 18/18
  8429 | D:8      | Reached XP level 10. HP: 10/63 MP: 0/21
  8864 | D:8      | Found a staircase to the Lair.
  9264 | D:8      | Noticed a two-headed hydra
  9357 | D:8      | Killed a one-headed hydra
  9810 | D:9      | Noticed a two-headed ogre
  9837 | D:9      | Noticed Gorice's ghost (journeyman HaFi)
 10268 | D:8      | HP: 3/63 [two-headed ogre/giant spiked club (27)]
 10664 | D:8      | Killed a two-headed ogre
 10806 | D:9      | Noticed Maurice
 11348 | D:9      | Learned a level 1 spell: Summon Butterflies
 11356 | D:8      | Learned a level 3 spell: Stone Arrow
 11900 | D:9      | Killed Maurice
 11931 | D:9      | Identified the +2 plate armour of Difaon {Str+6 SInv}
 13167 | D:10     | Entered Level 10 of the Dungeon
 13204 | D:10     | Noticed a two-headed ogre
 13211 | D:10     | Reached skill level 1 in Fighting
 13218 | D:10     | Killed a two-headed ogre
 13218 | D:10     | Reached XP level 11. HP: 62/75 MP: 0/23
 13293 | D:10     | Noticed a death knight
 13677 | D:10     | Found a staircase to the Orcish Mines.
 13680 | D:10     | Found a hide-covered altar of Uskayaw.
 13683 | D:10     | Found a shattered altar of Ashenzari.
 13736 | D:10     | Noticed a centaur warrior
 13750 | D:10     | Killed a centaur warrior
 13753 | D:10     | Noticed a two-headed ogre
 13764 | D:10     | Killed a two-headed ogre
 13782 | D:10     | HP: 3/77 [bullfrog skeleton (6)]
 13784 | D:10     | HP: 1/77 [bullfrog skeleton (2)]
 13791 | D:10     | Slain by a bullfrog skeleton

Vault maps used:
D:1:      dpeg_arrival_rooms_c
D:2:      nemelex_altar_shiori, serial_glass, glass_columns_b, glass_columns_b,
          first_ration, hex_medium
D:4:      temple_pool_b
D:5:      basic_altar, serial_column_ruins, column_ruins_square_medium,
          column_ruins_grid_1, column_ruins_corridor_straight,
          column_ruins_columns_straight, column_ruins_grid_1,
          column_ruins_open_small, minmay_holes, elyvilon_altar_4
D:6:      portal_sewer_entry_f
D:7:      nicolae_ossuary_entry_plus
D:8:      lair_entry_dummy, hangedman_ranch, kennysheep_small_square
D:9:      hangedman_misty_isle, uniq_maurice
D:10:     minmay_the_grid_octo_tiled_octocenter, small_statue_alley_a,
          nrook_pool_corridor, minmay_misc_feat_columns
Temple:   kilobyte_greek_temple
Sewer:    sewer_kobolds
Ossuary:  ossuary_minmay_tomb_2a

Skill      XL: |  1  2  3  4  5  6  7  8  9 10 11 |
---------------+----------------------------------+-----
Spellcasting   | 3 4 5 6 7 8 |  8.5
Earth Magic    | 3 4 5 6 7 8 |  8.5
Transmutations | 1 2 3 4 5 6 8 |  8.5
Short Blades   | 3 |  3.0
Stealth        | 3 |  3.0
Shields        | 3 4 |  4.0
Fighting       | 3 4 |  4.1
Dodging        | 4 |  4.0

Action                   |  1- 3 |  4- 6 |  7- 9 | 10-12 || total
-------------------------+-------+-------+-------+-------++-------
Melee: Unarmed           |    34 |       |       |       ||    34
       Dagger            |    91 |       |       |   143 ||   234
       War axe           |       |       |   180 |    17 ||   197
       Falchion          |       |       |       |     3 ||     3
       Arbalest          |       |       |       |     1 ||     1
 Fire: Arbalest          |    38 |   115 |    75 |    18 ||   246
Throw: Stone             |       |     2 |       |     4 ||     6
 Cast: Sandblast         |    21 |    32 |    32 |    69 ||   154
       Lee's Rapid Decon |       |       |    14 |    18 ||    32
       Passwall          |       |       |     1 |       ||     1
       Petrify           |       |       |     5 |    26 ||    31
       Stone Arrow       |       |       |       |    33 ||    33
  Use: Scroll            |       |       |     1 |     2 ||     3
 Stab: Sleeping          |     1 |       |       |       ||     1
       Petrified         |       |       |    14 |    42 ||    56
       Petrifying        |       |       |     3 |     2 ||     5
Armor: Leather armour    |    45 |    48 |   114 |    80 ||   287
       Robe              |     3 |       |       |       ||     3
Dodge: Dodged            |   101 |    86 |   196 |   102 ||   485
Block: Buckler           |       |       |       |    26 ||    26

Table legend:
 A = Spawn XP
 B = Non-spawn XP
 C = Spawn XP percentage of total XP
 D = Spawn monster count
 E = Non-spawn monster count
 F = Spawn count percentage of total count
 G = Total turns spent on level
                    A         B        C        D         E        F      G
               +---------+---------+-------+---------+---------+-------+---------
         Total |       0 |   14939 |   0.0 |       0 |     277 |   0.0 | 13791
               +---------+---------+-------+---------+---------+-------+---------
           D:1 |       0 |      35 |   0.0 |       0 |      23 |   0.0 |  1385
           D:2 |       0 |      40 |   0.0 |       0 |      15 |   0.0 |   822
           D:3 |       0 |     312 |   0.0 |       0 |      38 |   0.0 |  1284
           D:4 |       0 |     243 |   0.0 |       0 |      12 |   0.0 |   798
           D:5 |       0 |     767 |   0.0 |       0 |      23 |   0.0 |  1042
           D:6 |       0 |     218 |   0.0 |       0 |      14 |   0.0 |   695
           D:7 |       0 |    1797 |   0.0 |       0 |      35 |   0.0 |  1725
           D:8 |       0 |    4443 |   0.0 |       0 |      47 |   0.0 |  3651
           D:9 |       0 |    2149 |   0.0 |       0 |      18 |   0.0 |  1457
          D:10 |       0 |    4392 |   0.0 |       0 |      26 |   0.0 |   318
         Sewer |       0 |     134 |   0.0 |       0 |      10 |   0.0 |   129
       Ossuary |       0 |     409 |   0.0 |       0 |      16 |   0.0 |   360
               +---------+---------+-------+---------+---------+-------+---------
